General information
- name: Grudge
- type: Ladder 1vs1/FFA
- host: GOKUMAN69
- saver: eVIL_pEngoon
map: aps\Download\NGL-S08-TS
- players: 4
- length: 18:30
- speed: Fast
- version: 1.21 W3XP
- replay type: Public
» download(69 KB)
Players
team 1 (winner)

»
eVIL_pEngoon (
pink | 81 APM | 1493 actions | 18:30)
4 Archmage
2 Summon Water Elemental
2 Brilliance Aura
3 Firelord
2 Summon Lava Spawn
1 Incinerate
» actions
| Assign group hotkey | 31 | |
| Basic commands | 123 | |
| Build / train | 50 | |
| Enter build submenu | 22 | |
| Enter hero's abilities submenu | 8 | |
| Give item / drop item | 2 | |
| Right click | 595 | |
| Select / deselect | 354 | |
| Select group hotkey | 246 | |
| Use ability | 62 | |
1493 total
» units
| Peasant | 8 | |
| Footman | 5 | |
| Rifleman | 7 | |
| Forest Troll Shadow Priest | 1 | |
| Forest Troll Berserker | 1 | |
| Mud Golem | 1 | |
| Ogre Mauler | 1 | |
| Priest | 3 | |
| Gryphon Rider | 2 | |
29 total
» upgrades
| Swords | 2 | |
| Priest Training | 1 | |
| Storm Hammers | 1 | |
4 total
» buildings
| Altar of Kings | 1 | |
| Farm | 9 | |
| Barracks | 1 | |
| Arcane Vault | 1 | |
| Scout Tower | 3 | |
| Arcane Tower | 1 | |
| Blacksmith | 1 | |
| Keep | 1 | |
| Lumber Mill | 1 | |
| Guard Tower | 1 | |
| Arcane Sanctum | 1 | |
| Castle | 1 | |
| Gryphon Aviary | 2 | |
| Town Hall | 1 | |
25 total
» build order
00:08 Altar of Kings
00:11 Farm
00:45 Barracks
01:09 Farm
01:47 Arcane Vault
01:55 Scout Tower
02:08 Farm
02:21 Scout Tower
02:24 Arcane Tower
02:53 Blacksmith
05:20 Keep
05:32 Farm
05:47 Scout Tower
05:53 Lumber Mill
05:56 Farm
07:27 Guard Tower
08:00 Arcane Sanctum
09:01 Castle
12:36 Gryphon Aviary
12:40 Gryphon Aviary
13:06 Farm
13:08 Farm
13:09 Farm
13:10 Farm
16:15 Town Hall
» items
| Scroll of Regeneration | 1 | |
| Scroll of Town Portal | 2 | |
| Scroll of Protection | 1 | |
4 total
team 2 (loser)

»
iggy_the_fisk (
blue | 132 APM | 2436 actions | 18:28)
4 Demon Hunter
2 Mana Burn
2 Evasion
3 Pandaren Brewmaster
2 Breath of Fire
1 Drunken Haze
» actions
| Assign group hotkey | 123 | |
| Basic commands | 6 | |
| Build / train | 59 | |
| Enter build submenu | 16 | |
| Enter hero's abilities submenu | 8 | |
| Give item / drop item | 2 | |
| Right click | 1240 | |
| Select / deselect | 401 | |
| Select group hotkey | 483 | |
| Use ability | 98 | |
2436 total
» units
| Wisp | 20 | |
| Archer | 3 | |
| Dryad | 8 | |
| Druid of the Claw | 9 | |
40 total
» upgrades
| Druid of the Claw Training | 3 | |
| Abolish Magic | 1 | |
| Mark of the Claw | 1 | |
5 total
» buildings
| Altar of Elders | 1 | |
| Moon Well | 6 | |
| Ancient of War | 1 | |
| Tree of Ages | 1 | |
| Hunter's Hall | 1 | |
| Ancient of Lore | 2 | |
| Ancient of Wonders | 2 | |
| Tree of Eternity | 1 | |
| Tree of Life | 1 | |
16 total
» build order
00:05 Altar of Elders
00:18 Moon Well
00:39 Ancient of War
01:34 Moon Well
02:35 Tree of Ages
03:17 Hunter's Hall
03:22 Moon Well
05:03 Ancient of Lore
05:04 Ancient of Lore
05:48 Ancient of Wonders
07:02 Tree of Eternity
07:40 Moon Well
15:35 Tree of Life
15:43 Moon Well
15:44 Moon Well
17:32 Ancient of Wonders
» items
| Staff of Preservation | 1 | |
| Scroll of Town Portal | 1 | |
| Potion of Lesser Invulnerability | 1 | |
3 total
refereesGOKUMAN69,
Mr.Wookums Chat log
(00:19 / All) eVIL_pEngoon: gl hf and buy giel products
(01:28 / All) eVIL_pEngoon: thx for revealing race
(09:51 / All) eVIL_pEngoon: wah wah wahhhhhhhhh
(18:26 / All) iggy_the_fisk: gg
(18:27 / All) eVIL_pEngoon: y so noob?